Map: Frost LE

Players

Yuri - Winner!

  • Race: Zerg Zerg
  • League: Gold

Getsu

  • Race: Protoss Protoss
  • League: Platinum

VOD

Have the link to the VOD?

Description

Time

  • Played on: Aug. 8, 2016, 1:13 a.m.
  • Length: 16:13
Show
View Real Time Build Order
Export as new Build Order

Yuri Zerg - Winner!

Build Orders: Hatch First 

Get SALT Encoding   

  12  0:00  Drone  
  13  0:14  Overlord  
  13  0:18  Drone  
  14  0:23  Extractor  
  14  0:24  Drone  
  15  0:33  Drone  
  16  0:37  Drone  
  17  0:47  Drone  
  18  0:58  Hatchery  
  18  1:02  Drone  
  18  1:19  Spawning Pool  
  18  1:21  Drone x2  
  19  1:31  Overlord  
  19  1:43  Drone  
  20  1:53  Drone  
  21  2:05  Queen  
  23  2:10  Zergling x2  
  23  2:12  Queen  
  26  2:16  Drone x2  
  28  2:26  Extractor  
  28  2:27  Extractor  
  26  2:34  Drone x3  
  26  2:35  Drone  
  30  2:53  Drone x2  
  32  3:07  Hatchery, Drone x4  
  35  3:15  Roach Warren  
  35  3:18  Evolution Chamber  
  33  3:21  Evolution Chamber  
  33  3:25  Drone x4  
  36  3:27  Overlord  
  36  3:38  Lair  
  36  3:50  Zerg Missile Weapons Level 1  
  36  3:55  Overlord x2  
  36  3:56  Drone x3  
  36  3:57  Drone x2  
  36  4:00  Drone  
  42  4:05  Queen  
  44  4:17  Drone x5  
  46  4:21  Queen  
  51  4:30  Overlord x2  
  51  4:31  Overlord  
  51  4:37  Glial Reconstitution  
  51  5:20  Roach x8  
  51  5:21  Roach x7  
  80  5:58  Zerg Ground Armor Level 1  
  80  6:00  Zergling x8  
  80  6:01  Zergling x10  
  80  6:02  Zergling x2  
  88  6:15  Zerg Missile Weapons Level 2  
  88  6:20  Extractor x2, Drone x4  
  88  6:22  Overlord x5  
  90  6:28  Extractor  
  90  6:29  Extractor  
  88  6:40  Drone x2  
  88  6:42  Drone x7  
  88  6:45  Drone  
  96  7:04  Spire  
  95  7:16  Spine Crawler  
  95  7:18  Spine Crawler, Drone x3  
  95  7:19  Drone x8  
  104  7:33  Roach x6  
  104  7:34  Roach x2  
  120  7:54  Hatchery  
  112  8:08  Drone  
  112  8:09  Drone x9  
  112  8:11  Overlord x4  
  122  8:20  Drone x4  
  126  8:43  Zerg Ground Armor Level 2  
  126  8:44  Zerg Melee Weapons Level 1  
  125  8:49  Infestation Pit  
  124  9:01  Extractor, Drone x4  
  124  9:02  Drone x8  
  135  9:03  Overlord, Extractor  
  134  9:13  Mutalisk x7  
  134  9:14  Mutalisk x4  
  155  9:18  Spine Crawler  
  155  9:22  Spine Crawler x2  
  136  9:37  Mutalisk x2  
  136  9:38  Mutalisk  
  120  9:57  Mutalisk  
  120  9:58  Mutalisk  
  120  10:00  Zergling x16  
  120  10:01  Zergling x2  
  129  10:14  Spawning Pool  
  128  11:01  Zergling x10  
  128  11:02  Zergling x16  
  128  11:03  Zergling x4  
  143  11:10  Lair  
  143  11:26  Hatchery  
  143  11:31  Metabolic Boost  
  142  11:40  Roach Warren  
  141  11:52  Zergling x10  
  146  12:00  Baneling Nest  
  145  12:02  Drone  
  145  12:04  Overlord x4  
  146  12:11  Spire  
  143  12:46  Roach x8  
  143  12:47  Roach x9  
  143  12:49  Baneling x2  
  143  12:50  Baneling x8  
  143  12:51  Baneling x9  
  177  12:52  Baneling x8  
  177  12:53  Baneling x8  
  177  12:54  Baneling x8  
  177  12:55  Baneling x3  
  177  12:56  Extractor  
  176  12:58  Extractor  
  176  12:59  Queen  
  170  13:24  Centrifical Hooks  
  170  13:27  Queen  
  170  14:01  Infestation Pit  
  169  14:06  Corruptor x7  
  183  14:38  Overlord x4  
  183  14:43  Overlord x4  
  155  15:03  Roach x5  
  155  15:04  Roach x8  
  155  15:05  Roach x4  
  177  15:20  Overseer  
Show
View Real Time Build Order
Export as new Build Order

Getsu Protoss 

Build Orders: 1 Gate Expand 

Get SALT Encoding   

  12  0:01  Probe (Chrono Boost)  
  13  0:11  Probe (Chrono Boost)  
  14  0:20  Pylon  
  14  0:24  Probe (Chrono Boost)  
  15  0:38  Probe (Chrono Boost)  
  16  0:43  Gateway  
  16  0:49  Probe (Chrono Boost)  
  17  0:59  Assimilator  
  17  1:00  Probe (Chrono Boost)  
  18  1:10  Probe (Chrono Boost)  
  19  1:32  Nexus  
  19  1:38  Cybernetics Core  
  19  1:41  Probe (Chrono Boost)  
  20  1:51  Probe (Chrono Boost)  
  20  1:53  Pylon  
  21  1:58  Assimilator  
  21  2:15  Pylon  
  21  2:18  Assimilator  
  21  2:23  Assimilator  
  21  2:30  Adept  
  21  2:31  Warp Gate  
  22  2:45  Gateway  
  22  2:46  Gateway  
  22  2:54  Probe (Chrono Boost)  
  22  2:56  Gateway  
  24  2:58  Pylon  
  24  3:02  Mothership Core (Chrono Boost)  
  25  3:12  Adept  
  27  3:20  Probe (Chrono Boost)  
  27  3:24  Probe (Chrono Boost)  
  29  3:31  Probe (Chrono Boost)  
  30  3:35  Probe (Chrono Boost)  
  30  3:36  Robotics Facility  
  31  3:44  Stalker  
  31  3:45  Probe (Chrono Boost)  
  34  3:50  Assimilator  
  34  3:54  Assimilator  
  34  3:56  Probe (Chrono Boost)  
  35  4:02  Stalker  
  35  4:06  Probe (Chrono Boost)  
  38  4:17  Robotics Facility, Probe x2 (Chrono Boost)  
  40  4:28  Probe (Chrono Boost)  
  41  4:31  Immortal  
  41  4:32  Probe (Chrono Boost)  
  47  4:40  Probe (Chrono Boost)  
  47  4:42  Probe (Chrono Boost)  
  48  4:49  Stalker  
  48  4:51  Stalker  
  48  4:52  Probe (Chrono Boost)  
  53  4:53  Probe (Chrono Boost)  
  53  4:59  Stalker  
  56  5:13  Probe (Chrono Boost)  
  58  5:14  Probe (Chrono Boost)  
  58  5:16  Immortal  
  62  5:31  Pylon  
  62  5:32  Pylon  
  62  5:46  Probe (Chrono Boost)  
  62  5:48  Probe (Chrono Boost)  
  62  5:49  Immortal  
  66  5:54  Immortal  
  66  5:56  Stalker x3  
  74  6:16  Probe (Chrono Boost)  
  74  6:17  Probe (Chrono Boost)  
  74  6:27  Stalker  
  74  6:28  Probe (Chrono Boost)  
  74  6:29  Probe (Chrono Boost)  
  78  6:34  Pylon  
  78  6:38  Pylon x2  
  78  6:52  Nexus  
  80  6:54  Probe x2 (Chrono Boost)  
  80  6:55  Pylon  
  80  7:04  Stalker, Immortal  
  80  7:05  Stalker x2  
  80  7:06  Probe (Chrono Boost)  
  91  7:21  Immortal  
  91  7:28  Stalker x2  
  99  7:31  Twilight Council  
  99  7:43  Immortal  
  103  7:55  Immortal  
  103  8:02  Sentry  
  109  8:08  Pylon  
  109  8:09  Pylon, Sentry x2  
  109  8:11  Probe (Chrono Boost)  
  114  8:14  Blink  
  114  8:23  Probe (Chrono Boost)  
  114  8:24  Gateway  
  114  8:25  Gateway, Probe (Chrono Boost)  
  114  8:27  Probe (Chrono Boost)  
  117  8:34  Zealot x2  
  122  8:35  Probe (Chrono Boost)  
  122  8:39  Probe (Chrono Boost)  
  122  9:00  Gateway x2  
  78  10:11  Stalker x3  
  78  10:14  Probe (Chrono Boost)  
  71  10:15  Probe x2 (Chrono Boost)  
  63  10:24  Probe (Chrono Boost)  
  63  10:26  Stalker x3  
  63  10:27  Probe x2 (Chrono Boost)  
  72  10:29  Pylon  
  72  10:31  Pylon  
  72  10:38  Stalker x2  
  72  10:39  Stalker, Probe (Chrono Boost)  
  66  10:49  Pylon  
  63  10:50  Pylon, Stalker x2  
  63  10:53  Pylon  
  63  10:56  Pylon  
  66  11:02  Stalker x3, Forge  
  71  11:16  Stalker x2  
  75  11:19  Stargate  
  75  11:23  Stargate  
  74  11:32  Stalker  
  76  11:33  Stalker x2  
  76  11:37  Photon Cannon  
  76  11:39  Photon Cannon  
  80  11:40  Photon Cannon  
  80  11:41  Photon Cannon  
  80  11:42  Photon Cannon  
  80  11:45  Photon Cannon  
  80  11:46  Stalker x2  
  84  11:48  Photon Cannon  
  84  11:49  Photon Cannon  
  84  11:52  Templar Archives  
  84  11:59  Stalker x2  
  84  12:01  Stalker  
  90  12:13  Stalker  
  90  12:15  Stalker  
  94  12:39  Phoenix x2  
  98  12:44  High Templar x5  
  98  12:49  Archon  
  98  12:50  Archon  
  102  13:47  High Templar x3  
  102  13:48  High Templar x2  
  112  13:51  Archon  
  112  13:52  Archon  
  112  14:09  Gateway, Archon  
  112  14:10  Nexus  
  112  14:13  Pylon  
  112  14:14  Pylon  
  112  14:17  Pylon  
  112  14:21  Gateway  
  112  14:38  Observer  
  112  14:42  Sentry x3  
  67  15:11  Stalker x3  
  62  15:45  Stalker x2  
  62  15:46  Stalker  
Tags
 
Add a new tag
Caveats
  • Supply blocks, unpowered buildings, or Contaminate may cause inaccurate times.
  • Supply counts are checked every 10 seconds.